Workbook
Name CCEmail: General!$B$11
Name ContractingContact: General!$B$10
Name ContractNumber: General!$B$6
Name ICEmail: General!$B$13
Name InvoicingContact: General!$B$12
Name PIEmail: General!$B$9
Name PrincipalInvestigator: General!$B$8
Name Project_Start: Schedule!$P$3
Name ProjectCode: General!$B$4
Name ProjectName: General!$B$3
Name ResearchContractor: General!$B$7
Name Scrolling_Increment: Schedule!$E$4
Name startdate: General!$B$14
Name Today: TODAY()

Sheet General
A1: Project Details
A2: Item | B2: Value
A3: Project: | B3: [Sample project name]
A4: PRCI Project Code: | B4: [XXX-00-00A]
A5: Contractor Project Code: | B5: [RRU-21-0025]
A6: Contract Number: | B6: [TBD]
A7: Contractor: | B7: [Research R Us]
A8: Principal Investigator: | B8: [I. L. Findout]
A9: PI Email: | B9: [ilfindoubt@rrus.com]
A10: Contracting Contact: | B10: [U. Signhere]
A11: CC Email: | B11: [usignhere@rrus.com]
A12: Invoicing Contact: | B12: [U. O. Me]
A13: IC Email: | B13: [uome@rrus.com]
A14: Start Date | B14: 45200
A19: General notes, directions
A20: Item | B20: Note
A21: 1 | B21: All milestones should be in the same fiscal year. I.e., all milestones for the first funding year are 1; use 2 for the second year, etc.
A22: 2 | B22: PRCI research fiscal years begin January 1 of each year
A23: 3 | B23: To add more rows to a table, click any cell inside the table. Then right click and select insert row (above or below as desired).
A24: 4 | B24: Delete unused rows from tables
A25: 5 | B25: Master milestone/tasks should be on the budget tab, the schedule will look up the associated data
A26: 6 | B26: The user can also add non milestone-task items to the schedule such as milestone checks or project team tasks. Simply type 'N/A' for the task number and a corresponding description on the Schedule tab.
A27: 7 | B27: Replace anything within (and including the) square brackets ('[]') with project specific information. For unknown information (e.g., contract number at the proposal time), use 'TBD'.

Sheet Budget
A1: =CONCATENATE("Project: ",ProjectCode,", ",ProjectName) -> Project: [XXX-00-00A], [Sample project name]
A2: =CONCATENATE("Contractor: ",ResearchContractor) -> Contractor: [Research R Us]
A3: Updated by: [Individual completing the form]
A4: As of: [MM/DD/YYYY]
H5: =SUBTOTAL(9,tblBudget[Extended Cost]) -> 250000
A6: Milestone | B6: Task | C6: MS_Task | D6: Task Name | E6: Task Deliverable | F6: Deliverable Quanity | G6: Unit Cost | H6: Extended Cost | J6: Row Labels | K6: Cost by Year
A7: 1 | B7: =IF(tblBudget[[#This Row],[Milestone]]=A6,B6+1,1) -> 1 | C7: =CONCATENATE(tblBudget[[#This Row],[Milestone]],"_",tblBudget[[#This Row],[Task]]) -> 1_1 | D7: Project kickoff | E7: Kickoff meeting | F7: 1 | G7: 2500 | H7: =tblBudget[[#This Row],[Deliverable Quanity]]*tblBudget[[#This Row],[Unit Cost]] -> 2500 | J7: 1 | K7: 119510
A8: 1 | B8: =IF(tblBudget[[#This Row],[Milestone]]=A7,B7+1,1) -> 2 | C8: =CONCATENATE(tblBudget[[#This Row],[Milestone]],"_",tblBudget[[#This Row],[Task]]) -> 1_2 | D8: Literature review | E8: Literature review document | F8: 1 | G8: 15800 | H8: =tblBudget[[#This Row],[Deliverable Quanity]]*tblBudget[[#This Row],[Unit Cost]] -> 15800 | J8: 2 | K8: 130490
A9: 1 | B9: =IF(tblBudget[[#This Row],[Milestone]]=A8,B8+1,1) -> 3 | C9: =CONCATENATE(tblBudget[[#This Row],[Milestone]],"_",tblBudget[[#This Row],[Task]]) -> 1_3 | D9: Develop test plans | E9: Written test plan | F9: 2 | G9: 19250 | H9: =tblBudget[[#This Row],[Deliverable Quanity]]*tblBudget[[#This Row],[Unit Cost]] -> 38500 | J9: Grand Total | K9: 250000
A10: 1 | B10: =IF(tblBudget[[#This Row],[Milestone]]=A9,B9+1,1) -> 4 | C10: =CONCATENATE(tblBudget[[#This Row],[Milestone]],"_",tblBudget[[#This Row],[Task]]) -> 1_4 | D10: Test setup | E10: Piping and control confuration | F10: 2 | G10: 31355 | H10: =tblBudget[[#This Row],[Deliverable Quanity]]*tblBudget[[#This Row],[Unit Cost]] -> 62710
A11: 2 | B11: =IF(tblBudget[[#This Row],[Milestone]]=A10,B10+1,1) -> 1 | C11: =CONCATENATE(tblBudget[[#This Row],[Milestone]],"_",tblBudget[[#This Row],[Task]]) -> 2_1 | D11: Flow testing | E11: Flow testing and data gathering | F11: 2 | G11: 25825 | H11: =tblBudget[[#This Row],[Deliverable Quanity]]*tblBudget[[#This Row],[Unit Cost]] -> 51650
A12: 2 | B12: =IF(tblBudget[[#This Row],[Milestone]]=A11,B11+1,1) -> 2 | C12: =CONCATENATE(tblBudget[[#This Row],[Milestone]],"_",tblBudget[[#This Row],[Task]]) -> 2_2 | D12: Data analysis and regression | E12: Data reduction and analysis in Excel | F12: 2 | G12: 15850 | H12: =tblBudget[[#This Row],[Deliverable Quanity]]*tblBudget[[#This Row],[Unit Cost]] -> 31700
A13: 2 | B13: =IF(tblBudget[[#This Row],[Milestone]]=A12,B12+1,1) -> 3 | C13: =CONCATENATE(tblBudget[[#This Row],[Milestone]],"_",tblBudget[[#This Row],[Task]]) -> 2_3 | D13: Draft report | E13: Draft final report | F13: 1 | G13: 22140 | H13: =tblBudget[[#This Row],[Deliverable Quanity]]*tblBudget[[#This Row],[Unit Cost]] -> 22140
A14: 2 | B14: =IF(tblBudget[[#This Row],[Milestone]]=A13,B13+1,1) -> 4 | C14: =CONCATENATE(tblBudget[[#This Row],[Milestone]],"_",tblBudget[[#This Row],[Task]]) -> 2_4 | D14: Revise draft | E14: Final deliverable (Article 2B) | F14: 1 | G14: 25000 | H14: =tblBudget[[#This Row],[Deliverable Quanity]]*tblBudget[[#This Row],[Unit Cost]] -> 25000
A15: To add more data, Insert new rows ABOVE this one, otherwise, delete unused rows

Sheet Schedule
A1: =CONCATENATE("Project: ",ProjectCode,", ",ProjectName) -> Project: [XXX-00-00A], [Sample project name] | P1: Legend:
A2: =CONCATENATE("Contractor: ",ResearchContractor) -> Contractor: [Research R Us] | P2: On Track | U2: Low Risk | Z2: Med Risk | AE2: High Risk | AJ2: Behind | AO2: Completed | AT2: Unassigned
A3: Updated by: [Individual completing the form] | P3: =F6 -> 45200
A4: As of: [MM/DD/YYYY] | K4: =SUBTOTAL(9,tblMilestones[Task $]) -> 250000 | L4: =SUBTOTAL(9,tblMilestones[Burn $]) -> 0 | M4: =SUBTOTAL(9,tblMilestones[Invoiced $]) -> 0 | N4: =SUBTOTAL(9,tblMilestones[To Invoice $]) -> 0 | Q4: =TEXT(P5,"mmmm") -> October | U4: =TEXT(T5,"mmmm") -> October | Y4: =TEXT(X5,"mmmm") -> November | AC4: =TEXT(AB5,"mmmm") -> December | AG4: =TEXT(AF5,"mmmm") -> January | AK4: =TEXT(AJ5,"mmmm") -> February | AO4: =TEXT(AN5,"mmmm") -> March | AS4: =TEXT(AR5,"mmmm") -> April | AW4: =TEXT(AV5,"mmmm") -> May | BA4: =TEXT(AZ5,"mmmm") -> June | BE4: =TEXT(BD5,"mmmm") -> July
A5: MS_Task | B5: Task Name | C5: Notes/Comments | D5: Category | E5: Progress | F5: Start | G5: No. Weeks | H5: No. Days | I5: Offset Weeks | J5: End Date | K5: Task $ | L5: Burn $ | M5: Invoiced $ | N5: To Invoice $ | P5: =IFERROR(Project_Start,TODAY()) -> 45200 | Q5: =P5+7 -> 45207 | R5: =Q5+7 -> 45214 | S5: =R5+7 -> 45221 | T5: =S5+7 -> 45228 | U5: =T5+7 -> 45235 | V5: =U5+7 -> 45242 | W5: =V5+7 -> 45249 | X5: =W5+7 -> 45256 | ... DC5: =DB5+7 -> 45837
A6: =Budget!C7 -> 1_1 | B6: =IFERROR(INDEX(tblBudget[Task Name],MATCH(tblMilestones[[#This Row],[MS_Task]],tblBudget[MS_Task],0)),"Unknown task") -> Project kickoff | D6: Completed | E6: 0 | F6: =startdate -> 45200 | G6: 1 | H6: =tblMilestones[[#This Row],[No. Weeks]]*7 -> 7 | J6: =tblMilestones[[#This Row],[Start]]+tblMilestones[[#This Row],[No. Days]] -> 45207 | K6: =INDEX(tblBudget[Extended Cost],MATCH(tblMilestones[[#This Row],[MS_Task]],tblBudget[MS_Task],0)) -> 2500 | L6: =IFERROR(tblMilestones[[#This Row],[Task $]]*tblMilestones[[#This Row],[Progress]],"") -> 0 | M6: 0 | N6: =IFERROR(tblMilestones[[#This Row],[Burn $]]-tblMilestones[[#This Row],[Invoiced $]],"") -> 0 | P6: =IF(AND($D6="Goal",P$5>=$F6,P$5<=$F6+$H6-1),2,IF(AND($D6="Milestone",P$5>=$F6,P$5<=$F6+$H6-1),1,"")) | Q6: =IF(AND($D6="Goal",Q$5>=$F6,Q$5<=$F6+$H6-1),2,IF(AND($D6="Milestone",Q$5>=$F6,Q$5<=$F6+$H6-1),1,"")) | R6: =IF(AND($D6="Goal",R$5>=$F6,R$5<=$F6+$H6-1),2,IF(AND($D6="Milestone",R$5>=$F6,R$5<=$F6+$H6-1),1,"")) | S6: =IF(AND($D6="Goal",S$5>=$F6,S$5<=$F6+$H6-1),2,IF(AND($D6="Milestone",S$5>=$F6,S$5<=$F6+$H6-1),1,"")) | T6: =IF(AND($D6="Goal",T$5>=$F6,T$5<=$F6+$H6-1),2,IF(AND($D6="Milestone",T$5>=$F6,T$5<=$F6+$H6-1),1,"")) | U6: =IF(AND($D6="Goal",U$5>=$F6,U$5<=$F6+$H6-1),2,IF(AND($D6="Milestone",U$5>=$F6,U$5<=$F6+$H6-1),1,"")) | V6: =IF(AND($D6="Goal",V$5>=$F6,V$5<=$F6+$H6-1),2,IF(AND($D6="Milestone",V$5>=$F6,V$5<=$F6+$H6-1),1,"")) | W6: =IF(AND($D6="Goal",W$5>=$F6,W$5<=$F6+$H6-1),2,IF(AND($D6="Milestone",W$5>=$F6,W$5<=$F6+$H6-1),1,"")) | ... DC6: =IF(AND($D6="Goal",DC$5>=$F6,DC$5<=$F6+$H6-1),2,IF(AND($D6="Milestone",DC$5>=$F6,DC$5<=$F6+$H6-1),1,""))
A7: =Budget!C8 -> 1_2 | B7: =IFERROR(INDEX(tblBudget[Task Name],MATCH(tblMilestones[[#This Row],[MS_Task]],tblBudget[MS_Task],0)),"Unknown task") -> Literature review | D7: Completed | E7: 0 | F7: =F6+(G6+tblMilestones[[#This Row],[Offset Weeks]])*7 -> 45207 | G7: 4 | H7: =tblMilestones[[#This Row],[No. Weeks]]*7 -> 28 | I7: 0 | J7: =tblMilestones[[#This Row],[Start]]+tblMilestones[[#This Row],[No. Days]] -> 45235 | K7: =INDEX(tblBudget[Extended Cost],MATCH(tblMilestones[[#This Row],[MS_Task]],tblBudget[MS_Task],0)) -> 15800 | L7: =IFERROR(tblMilestones[[#This Row],[Task $]]*tblMilestones[[#This Row],[Progress]],"") -> 0 | M7: 0 | N7: =IFERROR(tblMilestones[[#This Row],[Burn $]]-tblMilestones[[#This Row],[Invoiced $]],"") -> 0
A8: =Budget!C9 -> 1_3 | B8: =IFERROR(INDEX(tblBudget[Task Name],MATCH(tblMilestones[[#This Row],[MS_Task]],tblBudget[MS_Task],0)),"Unknown task") -> Develop test plans | D8: Completed | E8: 0 | F8: =F7+(G7+tblMilestones[[#This Row],[Offset Weeks]])*7 -> 45242 | G8: 6 | H8: =tblMilestones[[#This Row],[No. Weeks]]*7 -> 42 | I8: 1 | J8: =tblMilestones[[#This Row],[Start]]+tblMilestones[[#This Row],[No. Days]] -> 45284 | K8: =INDEX(tblBudget[Extended Cost],MATCH(tblMilestones[[#This Row],[MS_Task]],tblBudget[MS_Task],0)) -> 38500 | L8: =IFERROR(tblMilestones[[#This Row],[Task $]]*tblMilestones[[#This Row],[Progress]],"") -> 0 | M8: 0 | N8: =IFERROR(tblMilestones[[#This Row],[Burn $]]-tblMilestones[[#This Row],[Invoiced $]],"") -> 0 | P8: =IF(AND($D8="Goal",P$5>=$F8,P$5<=$F8+$H8-1),2,IF(AND($D8="Milestone",P$5>=$F8,P$5<=$F8+$H8-1),1,"")) | Q8: =IF(AND($D8="Goal",Q$5>=$F8,Q$5<=$F8+$H8-1),2,IF(AND($D8="Milestone",Q$5>=$F8,Q$5<=$F8+$H8-1),1,"")) | R8: =IF(AND($D8="Goal",R$5>=$F8,R$5<=$F8+$H8-1),2,IF(AND($D8="Milestone",R$5>=$F8,R$5<=$F8+$H8-1),1,"")) | S8: =IF(AND($D8="Goal",S$5>=$F8,S$5<=$F8+$H8-1),2,IF(AND($D8="Milestone",S$5>=$F8,S$5<=$F8+$H8-1),1,"")) | T8: =IF(AND($D8="Goal",T$5>=$F8,T$5<=$F8+$H8-1),2,IF(AND($D8="Milestone",T$5>=$F8,T$5<=$F8+$H8-1),1,"")) | U8: =IF(AND($D8="Goal",U$5>=$F8,U$5<=$F8+$H8-1),2,IF(AND($D8="Milestone",U$5>=$F8,U$5<=$F8+$H8-1),1,"")) | V8: =IF(AND($D8="Goal",V$5>=$F8,V$5<=$F8+$H8-1),2,IF(AND($D8="Milestone",V$5>=$F8,V$5<=$F8+$H8-1),1,"")) | W8: =IF(AND($D8="Goal",W$5>=$F8,W$5<=$F8+$H8-1),2,IF(AND($D8="Milestone",W$5>=$F8,W$5<=$F8+$H8-1),1,"")) | ... DC8: =IF(AND($D8="Goal",DC$5>=$F8,DC$5<=$F8+$H8-1),2,IF(AND($D8="Milestone",DC$5>=$F8,DC$5<=$F8+$H8-1),1,""))
A9: =Budget!C10 -> 1_4 | B9: =IFERROR(INDEX(tblBudget[Task Name],MATCH(tblMilestones[[#This Row],[MS_Task]],tblBudget[MS_Task],0)),"Unknown task") -> Test setup | C9: Project team task | D9: Completed | E9: 0 | F9: =F8+(G8+tblMilestones[[#This Row],[Offset Weeks]])*7 -> 45284 | G9: 4 | H9: =tblMilestones[[#This Row],[No. Weeks]]*7 -> 28 | I9: 0 | J9: =tblMilestones[[#This Row],[Start]]+tblMilestones[[#This Row],[No. Days]] -> 45312 | K9: =INDEX(tblBudget[Extended Cost],MATCH(tblMilestones[[#This Row],[MS_Task]],tblBudget[MS_Task],0)) -> 62710 | L9: =IFERROR(tblMilestones[[#This Row],[Task $]]*tblMilestones[[#This Row],[Progress]],"") -> 0 | M9: 0 | N9: =IFERROR(tblMilestones[[#This Row],[Burn $]]-tblMilestones[[#This Row],[Invoiced $]],"") -> 0
A10: =Budget!C11 -> 2_1 | B10: =IFERROR(INDEX(tblBudget[Task Name],MATCH(tblMilestones[[#This Row],[MS_Task]],tblBudget[MS_Task],0)),"Unknown task") -> Flow testing | D10: Med Risk | E10: 0 | F10: =F9+(G9+tblMilestones[[#This Row],[Offset Weeks]])*7 -> 45270 | G10: 7 | H10: =tblMilestones[[#This Row],[No. Weeks]]*7 -> 49 | I10: -6 | J10: =tblMilestones[[#This Row],[Start]]+tblMilestones[[#This Row],[No. Days]] -> 45319 | K10: =INDEX(tblBudget[Extended Cost],MATCH(tblMilestones[[#This Row],[MS_Task]],tblBudget[MS_Task],0)) -> 51650 | L10: =IFERROR(tblMilestones[[#This Row],[Task $]]*tblMilestones[[#This Row],[Progress]],"") -> 0 | M10: 0 | N10: =IFERROR(tblMilestones[[#This Row],[Burn $]]-tblMilestones[[#This Row],[Invoiced $]],"") -> 0 | P10: =IF(AND($D10="Goal",P$5>=$F10,P$5<=$F10+$H10-1),2,IF(AND($D10="Milestone",P$5>=$F10,P$5<=$F10+$H10-1),1,"")) | Q10: =IF(AND($D10="Goal",Q$5>=$F10,Q$5<=$F10+$H10-1),2,IF(AND($D10="Milestone",Q$5>=$F10,Q$5<=$F10+$H10-1),1,"")) | R10: =IF(AND($D10="Goal",R$5>=$F10,R$5<=$F10+$H10-1),2,IF(AND($D10="Milestone",R$5>=$F10,R$5<=$F10+$H10-1),1,"")) | S10: =IF(AND($D10="Goal",S$5>=$F10,S$5<=$F10+$H10-1),2,IF(AND($D10="Milestone",S$5>=$F10,S$5<=$F10+$H10-1),1,"")) | T10: =IF(AND($D10="Goal",T$5>=$F10,T$5<=$F10+$H10-1),2,IF(AND($D10="Milestone",T$5>=$F10,T$5<=$F10+$H10-1),1,"")) | U10: =IF(AND($D10="Goal",U$5>=$F10,U$5<=$F10+$H10-1),2,IF(AND($D10="Milestone",U$5>=$F10,U$5<=$F10+$H10-1),1,"")) | V10: =IF(AND($D10="Goal",V$5>=$F10,V$5<=$F10+$H10-1),2,IF(AND($D10="Milestone",V$5>=$F10,V$5<=$F10+$H10-1),1,"")) | W10: =IF(AND($D10="Goal",W$5>=$F10,W$5<=$F10+$H10-1),2,IF(AND($D10="Milestone",W$5>=$F10,W$5<=$F10+$H10-1),1,"")) | ... DC10: =IF(AND($D10="Goal",DC$5>=$F10,DC$5<=$F10+$H10-1),2,IF(AND($D10="Milestone",DC$5>=$F10,DC$5<=$F10+$H10-1),1,""))
A11: =Budget!C12 -> 2_2 | B11: =IFERROR(INDEX(tblBudget[Task Name],MATCH(tblMilestones[[#This Row],[MS_Task]],tblBudget[MS_Task],0)),"Unknown task") -> Data analysis and regression | D11: High Risk | E11: 0 | F11: =F10+(G10+tblMilestones[[#This Row],[Offset Weeks]])*7 -> 45333 | G11: 5 | H11: =tblMilestones[[#This Row],[No. Weeks]]*7 -> 35 | I11: 2 | J11: =tblMilestones[[#This Row],[Start]]+tblMilestones[[#This Row],[No. Days]] -> 45368 | K11: =INDEX(tblBudget[Extended Cost],MATCH(tblMilestones[[#This Row],[MS_Task]],tblBudget[MS_Task],0)) -> 31700 | L11: =IFERROR(tblMilestones[[#This Row],[Task $]]*tblMilestones[[#This Row],[Progress]],"") -> 0 | M11: 0 | N11: =IFERROR(tblMilestones[[#This Row],[Burn $]]-tblMilestones[[#This Row],[Invoiced $]],"") -> 0 | P11: =IF(AND($D11="Goal",P$5>=$F11,P$5<=$F11+$H11-1),2,IF(AND($D11="Milestone",P$5>=$F11,P$5<=$F11+$H11-1),1,"")) | Q11: =IF(AND($D11="Goal",Q$5>=$F11,Q$5<=$F11+$H11-1),2,IF(AND($D11="Milestone",Q$5>=$F11,Q$5<=$F11+$H11-1),1,"")) | R11: =IF(AND($D11="Goal",R$5>=$F11,R$5<=$F11+$H11-1),2,IF(AND($D11="Milestone",R$5>=$F11,R$5<=$F11+$H11-1),1,"")) | S11: =IF(AND($D11="Goal",S$5>=$F11,S$5<=$F11+$H11-1),2,IF(AND($D11="Milestone",S$5>=$F11,S$5<=$F11+$H11-1),1,"")) | T11: =IF(AND($D11="Goal",T$5>=$F11,T$5<=$F11+$H11-1),2,IF(AND($D11="Milestone",T$5>=$F11,T$5<=$F11+$H11-1),1,"")) | U11: =IF(AND($D11="Goal",U$5>=$F11,U$5<=$F11+$H11-1),2,IF(AND($D11="Milestone",U$5>=$F11,U$5<=$F11+$H11-1),1,"")) | V11: =IF(AND($D11="Goal",V$5>=$F11,V$5<=$F11+$H11-1),2,IF(AND($D11="Milestone",V$5>=$F11,V$5<=$F11+$H11-1),1,"")) | W11: =IF(AND($D11="Goal",W$5>=$F11,W$5<=$F11+$H11-1),2,IF(AND($D11="Milestone",W$5>=$F11,W$5<=$F11+$H11-1),1,"")) | ... DC11: =IF(AND($D11="Goal",DC$5>=$F11,DC$5<=$F11+$H11-1),2,IF(AND($D11="Milestone",DC$5>=$F11,DC$5<=$F11+$H11-1),1,""))
A12: =Budget!C13 -> 2_3 | B12: =IFERROR(INDEX(tblBudget[Task Name],MATCH(tblMilestones[[#This Row],[MS_Task]],tblBudget[MS_Task],0)),"Unknown task") -> Draft report | D12: Med Risk | E12: 0 | F12: =F11+(G11+tblMilestones[[#This Row],[Offset Weeks]])*7 -> 45354 | G12: 8 | H12: =tblMilestones[[#This Row],[No. Weeks]]*7 -> 56 | I12: -2 | J12: =tblMilestones[[#This Row],[Start]]+tblMilestones[[#This Row],[No. Days]] -> 45410 | K12: =INDEX(tblBudget[Extended Cost],MATCH(tblMilestones[[#This Row],[MS_Task]],tblBudget[MS_Task],0)) -> 22140 | L12: =IFERROR(tblMilestones[[#This Row],[Task $]]*tblMilestones[[#This Row],[Progress]],"") -> 0 | M12: 0 | N12: =IFERROR(tblMilestones[[#This Row],[Burn $]]-tblMilestones[[#This Row],[Invoiced $]],"") -> 0
A13: =Budget!C14 -> 2_4 | B13: =IFERROR(INDEX(tblBudget[Task Name],MATCH(tblMilestones[[#This Row],[MS_Task]],tblBudget[MS_Task],0)),"Unknown task") -> Revise draft | D13: Low Risk | E13: 0 | F13: =F12+(G12+tblMilestones[[#This Row],[Offset Weeks]])*7 -> 45396 | G13: 12 | H13: =tblMilestones[[#This Row],[No. Weeks]]*7 -> 84 | I13: -2 | J13: =tblMilestones[[#This Row],[Start]]+tblMilestones[[#This Row],[No. Days]] -> 45480 | K13: =INDEX(tblBudget[Extended Cost],MATCH(tblMilestones[[#This Row],[MS_Task]],tblBudget[MS_Task],0)) -> 25000 | L13: =IFERROR(tblMilestones[[#This Row],[Task $]]*tblMilestones[[#This Row],[Progress]],"") -> 0 | M13: 0 | N13: =IFERROR(tblMilestones[[#This Row],[Burn $]]-tblMilestones[[#This Row],[Invoiced $]],"") -> 0 | P13: =IF(AND($D13="Goal",P$5>=$F13,P$5<=$F13+$H13-1),2,IF(AND($D13="Milestone",P$5>=$F13,P$5<=$F13+$H13-1),1,"")) | Q13: =IF(AND($D13="Goal",Q$5>=$F13,Q$5<=$F13+$H13-1),2,IF(AND($D13="Milestone",Q$5>=$F13,Q$5<=$F13+$H13-1),1,"")) | R13: =IF(AND($D13="Goal",R$5>=$F13,R$5<=$F13+$H13-1),2,IF(AND($D13="Milestone",R$5>=$F13,R$5<=$F13+$H13-1),1,"")) | S13: =IF(AND($D13="Goal",S$5>=$F13,S$5<=$F13+$H13-1),2,IF(AND($D13="Milestone",S$5>=$F13,S$5<=$F13+$H13-1),1,"")) | T13: =IF(AND($D13="Goal",T$5>=$F13,T$5<=$F13+$H13-1),2,IF(AND($D13="Milestone",T$5>=$F13,T$5<=$F13+$H13-1),1,"")) | U13: =IF(AND($D13="Goal",U$5>=$F13,U$5<=$F13+$H13-1),2,IF(AND($D13="Milestone",U$5>=$F13,U$5<=$F13+$H13-1),1,"")) | V13: =IF(AND($D13="Goal",V$5>=$F13,V$5<=$F13+$H13-1),2,IF(AND($D13="Milestone",V$5>=$F13,V$5<=$F13+$H13-1),1,"")) | W13: =IF(AND($D13="Goal",W$5>=$F13,W$5<=$F13+$H13-1),2,IF(AND($D13="Milestone",W$5>=$F13,W$5<=$F13+$H13-1),1,"")) | ... DC13: =IF(AND($D13="Goal",DC$5>=$F13,DC$5<=$F13+$H13-1),2,IF(AND($D13="Milestone",DC$5>=$F13,DC$5<=$F13+$H13-1),1,""))
A14: To add more data, Insert new rows ABOVE this one, otherwise, delete unused rows
